 Dungeon Crawl Stone Soup version 0.26.0-16-gc1dbca0489 (webtiles) character file.

Game seed: 17240285608314181137

13397 snetch the Cleaver (level 11, -2/151 HPs)
             Began as a Minotaur Berserker on Jan 19, 2021.
             Was a High Priest of Trog.
             Slain by a skeletal warrior
             ... wielding a +0 glaive
              (12 damage)
             ... on level 11 of the Dungeon.
             The game lasted 00:34:20 (11757 turns).

snetch the Cleaver (Minotaur Berserker)            Turns: 11757, Time: 00:34:21

Health: -2/151     AC: 16    Str: 25    XL:     11   Next: 75%
Magic:  10/10      EV:  8    Int:  4    God:    Trog [*****.]
Gold:   648        SH: 10    Dex: 10    Spells: 10/10 levels left

rFire    . . .     SeeInvis +   a - +6 war axe (vorpal)
rCold    + . .     Faith    .   T - +0 kite shield
rNeg     . . .     Spirit   .   S - +3 chain mail {rPois}
rPois    +         Reflect  .   (helmet restricted)
rElec    .         Harm     .   C - scarf {repulsion}
rCorr    .         Rampage  .   (no gloves)
Will     .....                  v - +0 pair of boots
Stlth    ..........             J - amulet of magic regeneration
HPRegen  0.35/turn              Q - ring of protection from cold
MPRegen  0.37/turn              Z - ring of see invisible

@: berserking (expiring), repel missiles, very quick
A: retaliatory headbutt, horns 2
a: Renounce Religion, Berserk, Trog's Hand, Brothers in Arms


You were on level 11 of the Dungeon.
You worshipped Trog.
Trog was extremely pleased with you.
You visited 2 branches of the dungeon, and saw 12 of its levels.
You also visited: Ossuary.

You collected 648 gold pieces.

Inventory:

Hand Weapons
 a - a +6 vorpal war axe (weapon)
 b - a +3 flail of freezing
 c - a +4 trident of freezing
 d - a +2 broad axe of flaming
 l - a +3 dagger
 u - the +3 hunting sling of Lojimn {freeze, *Drain rPois Dex+3}
   (You found it on level 8 of the Dungeon)

   It causes projectiles fired from it to freeze those they strike, causing
   extra injury to most foes and up to half again as much damage against
   particularly susceptible opponents.
   They can also slow down cold-blooded creatures.
   It affects your dexterity (+3).
   It protects you from poison.
   It causes draining when unequipped.
 M - a +3 quarterstaff of chaos
Missiles
 f - a throwing net
 g - 61 sling bullets
 h - 160 stones
 i - 28 poisoned darts
 o - 101 bolts
 B - 15 boomerangs
 P - 185 arrows
Armour
 v - a +0 pair of boots (worn)
 C - a scarf of repulsion (worn)
 S - a +3 chain mail of poison resistance (worn)
 T - a +0 kite shield (worn)
Jewellery
 J - an amulet of magic regeneration (around neck)
 N - an uncursed ring of resist corrosion
 Q - a ring of protection from cold (left hand)
 Z - a ring of see invisible (right hand)
Wands
 s - a wand of random effects (13)
 x - a wand of acid (23)
 z - a wand of paralysis (6)
 G - a wand of polymorph (18)
 Y - a wand of iceblast (12)
Scrolls
 e - 4 scrolls of remove curse
 k - 4 scrolls of magic mapping
 m - 3 scrolls of amnesia {unknown}
 n - 3 scrolls of noise {unknown}
 w - 3 scrolls of enchant armour
 y - a scroll of fog
 I - 2 scrolls of blinking
 U - 3 scrolls of immolation {unknown}
 V - 3 scrolls of teleportation
 W - 2 scrolls of enchant weapon
Potions
 j - 5 potions of brilliance
 p - 5 potions of heal wounds {unknown}
 q - 3 potions of ambrosia
 r - 2 potions of flight
 t - 5 potions of haste {unknown}
 A - a potion of attraction
 D - 2 potions of cancellation
 E - a potion of magic {unknown}
 F - a potion of berserk rage {unknown}
 L - 3 potions of might
 O - 7 potions of curing
 X - a potion of mutation


   Skills:
 + Level 10.4 Fighting
 + Level 14.3(14.5) Axes
 + Level 4.3(10.4) Maces & Flails
 + Level 0.1(9.5) Polearms
 + Level 11.7 Armour
 + Level 4.7 Dodging
 + Level 1.4 Stealth
 + Level 5.1 Shields


You had 10 spell levels left.
You didn't know any spells.
Your spell library was empty.

Dungeon Overview and Level Annotations

Branches:
Dungeon (11/15)            Temple (1/1) D:6            Lair (0/6) D:10
Ossuary (visited)
    Orc: D:9-12

Altars:
Ashenzari
Cheibriados
Dithmenos
Elyvilon
Fedhas
Gozag
Hepliaklqana
Kikubaaqudgha
Makhleb
Nemelex Xobeh
Okawaru
Qazlal
Ru
Sif Muna
Trog
Uskayaw
Vehumet
Wu Jian
Xom
Yredelemnul
Zin
The Shining One
Lugonu

Annotations:
D:4 angel behind glass
D:5 obelisk behind stone
D:7 moth behind grate


Innate Abilities, Weirdness & Mutations

You reflexively headbutt those who attack you in melee.
You have a pair of horns on your head.


Message History

You closely miss the skeletal warrior.
The skeletal warrior is almost destroyed.
You hit the skeletal warrior but do no damage.
The skeletal warrior hits you with a +0 glaive!
* * * LOW HITPOINT WARNING * * *
The skeletal warrior hits you but does no damage.
Unknown command.
You completely miss the skeletal warrior.
Your headbutt misses the skeletal warrior.
The skeletal warrior is almost destroyed.
You hit the skeletal warrior.
The skeletal warrior hits you but does no damage.
Unknown command.
You hit the skeletal warrior but do no damage.
You headbutt the skeletal warrior.
You destroy the skeletal warrior!
Trog accepts your kill.
You hit the skeletal warrior.
The skeletal warrior hits you with a +0 glaive!
You die...

###########
....<.....#
..........#
../.....).#
..........+
......z)÷÷#
.......÷).#
......z@<.#
.......†).#
#####+#####


You could see 2 skeletal warriors.

Vanquished Creatures
  Erica (D:8)
  Harold (D:8)
  A two-headed ogre (D:9)
  3 skeletal warriors
  Pikel (D:9)
  A gargoyle (D:11)
  Maggie (D:9)
  2 trolls (D:10)
  A hornet (D:11)
  6 yaks (D:11)
  3 wyverns
  3 wraiths (D:9)
  2 basilisks (D:10)
  Eustachio (D:6)
  4 water moccasins (D:10)
  A sky beast (D:5)
  4 orc warriors
  4 ice beasts
  6 ogres
  2 phantoms
  A black bear (D:3)
  5 wolves (D:10)
  7 centaurs
  A lemure (D:9)
  A wyvern zombie (D:7)
  An elf zombie (Ossuary)
  6 bullfrogs
  5 scorpions
  9 killer bees (D:10)
  A vampire bat (D:4)
  14 wights
  A howler monkey (D:9)
  A bullfrog zombie (D:10)
  5 centaur zombies
  2 jellies
  3 hounds
  Crazy Yiuf (D:5)
  3 orc priests
  4 human zombies
  6 orc wizards
  3 human skeletons (D:9)
  Jessica (D:2)
  Ijyb (D:3)
  4 worker ants
  5 iguanas
  2 hound zombies
  4 mummies
  5 adders
  A shadow imp (D:6)
  A white imp (D:7)
  An ufetubus (D:9)
  An ooze (D:3)
  3 adder skeletons
  4 adder zombies
  3 worms (D:7)
  2 dart slugs
  3 leopard geckos
  58 orcs
  5 bats
  2 bat skeletons (D:4)
  3 bat zombies (D:4)
  5 giant cockroaches
  12 goblins
  8 hobgoblins
  5 jackals
  6 kobolds
  2 quokkas
  2 ball pythons
  8 frilled lizards
  11 hobgoblin zombies (Ossuary)
  2 jackal zombies (Ossuary)
  10 kobold zombies (Ossuary)
  A leopard gecko skeleton (D:7)
  7 orc zombies
  10 rats
326 creatures vanquished.

Vanquished Creatures (others)
  5 plants (D:10)
5 creatures vanquished.

Grand Total: 331 creatures vanquished

Notes
Turn   | Place    | Note
-------+----------+-------------------------------------------
     0 | D:1      | snetch the Minotaur Berserker began the quest for the Orb.
     0 | D:1      | Reached XP level 1. HP: 19/19 MP: 0/0
   157 | D:1      | Reached skill level 4 in Axes
   157 | D:1      | Reached XP level 2. HP: 20/27 MP: 1/1
   221 | D:2      | Reached XP level 3. HP: 24/34 MP: 2/2
   506 | D:1      | Reached ** piety under Trog
  1099 | D:2      | Reached XP level 4. HP: 41/41 MP: 3/3
  1140 | D:2      | Found a shimmering altar of Xom.
  1290 | D:2      | Reached skill level 5 in Axes
  1300 | D:2      | Noticed Jessica
  1305 | D:2      | Killed Jessica
  1616 | D:3      | Reached XP level 5. HP: 47/47 MP: 4/4
  1807 | D:3      | Found a snail-covered altar of Cheibriados.
  1886 | D:3      | Reached *** piety under Trog
  2028 | D:3      | Noticed a black bear
  2033 | D:3      | Killed a black bear
  2034 | D:3      | Reached skill level 5 in Fighting
  2034 | D:3      | Reached skill level 6 in Axes
  2034 | D:3      | Reached XP level 6. HP: 48/56 MP: 5/5
  2096 | D:3      | Noticed Ijyb
  2105 | D:3      | Paralysed by Ijyb for 6 turns
  2116 | D:3      | Killed Ijyb
  2285 | D:3      | Found a glowing golden altar of the Shining One.
  2453 | D:5      | Entered Level 5 of the Dungeon
  2672 | D:4      | Found a glowing silver altar of Zin.
  2672 | D:4      | Noticed an angel
  2940 | D:5      | Noticed an ice beast
  2947 | D:5      | Killed an ice beast
  2948 | D:5      | Reached skill level 7 in Axes
  2948 | D:5      | Reached XP level 7. HP: 56/61 MP: 6/6
  3164 | D:4      | Found an ancient bone altar of Kikubaaqudgha.
  3677 | D:5      | HP: 4/91 [acid (9)]
  3679 | D:5      | Reached skill level 8 in Axes
  3679 | D:5      | Reached skill level 5 in Armour
  4027 | D:5      | Found a stormy altar of Qazlal.
  4355 | D:5      | Found a runed translucent door.
  4356 | D:5      | Noticed Crazy Yiuf
  4366 | D:5      | Killed Crazy Yiuf
  4639 | D:5      | Reached XP level 8. HP: 23/70 MP: 7/7
  4657 | D:6      | Found a staircase to the Ecumenical Temple.
  5021 | D:6      | Reached skill level 9 in Axes
  5164 | D:6      | Noticed Eustachio
  5190 | D:6      | Killed Eustachio
  5304 | D:6      | Found an ornate altar of the Wu Jian Council.
  5346 | D:7      | Found a sacrificial altar of Ru.
  5354 | D:7      | Reached **** piety under Trog
  6203 | D:6      | Found a shimmering blue altar of Sif Muna.
  6667 | Temple   | Entered the Ecumenical Temple
  6895 | D:8      | Noticed Harold
  6913 | D:8      | Killed Harold
  6914 | D:8      | Reached skill level 10 in Axes
  6914 | D:8      | Reached XP level 9. HP: 68/79 MP: 8/8
  6962 | D:8      | Found a sand-covered staircase.
  6966 | Ossuary  | Entered an ossuary
  7426 | D:8      | Reached skill level 11 in Axes
  7446 | D:8      | Noticed Erica
  7475 | D:8      | Killed Erica
  7900 | D:8      | Reached XP level 10. HP: 89/89 MP: 9/9
  8198 | D:7      | Reached skill level 1 in Maces & Flails
  8201 | D:7      | Reached ***** piety under Trog
  8314 | D:7      | Noticed a moth of wrath
  8317 | D:7      | Found a bloodstained altar of Trog.
  8728 | D:9      | Found a shimmering blue altar of Sif Muna.
  8780 | D:8      | Reached skill level 1 in Stealth
  8884 | D:8      | Found a radiant altar of Vehumet.
  8886 | D:8      | Found a white marble altar of Elyvilon.
  8887 | D:8      | Found a sparkling altar of Nemelex Xobeh.
  9108 | D:8      | Got a masterwork hunting sling
  9112 | D:8      | Identified the +3 hunting sling of Lojimn {freeze, *Drain
                  | rPois Dex+3} (You found it on level 8 of the Dungeon)
  9599 | D:9      | Noticed Maggie
  9609 | D:9      | Killed Maggie
  9610 | D:9      | Reached skill level 10 in Armour
  9758 | D:10     | Entered Level 10 of the Dungeon
  9828 | D:9      | Noticed Pikel
  9835 | D:9      | Killed Pikel
  9836 | D:9      | Reached skill level 12 in Axes
  9836 | D:9      | Reached skill level 1 in Shields
 10052 | D:9      | Noticed a two-headed ogre
 10056 | D:9      | Killed a two-headed ogre
 10220 | D:9      | Received a gift from Trog
 10710 | D:9      | Reached XP level 11. HP: 97/97 MP: 10/10
 10716 | D:9      | Found a basalt altar of Yredelemnul.
 10799 | D:9      | Reached skill level 13 in Axes
 10854 | D:10     | Found a staircase to the Lair.
 11270 | D:10     | Found a broken altar of Ashenzari.
 11297 | D:10     | Reached skill level 10 in Fighting
 11428 | D:11     | Noticed a skeletal warrior
 11430 | D:11     | Noticed a skeletal warrior
 11433 | D:11     | Noticed a skeletal warrior
 11437 | D:11     | Noticed a skeletal warrior
 11438 | D:11     | Reached skill level 14 in Axes
 11438 | D:11     | Noticed a skeletal warrior
 11448 | D:10     | Killed a skeletal warrior
 11753 | D:11     | Killed a skeletal warrior
 11754 | D:11     | Reached skill level 5 in Shields
 11757 | D:11     | Killed a skeletal warrior
 11757 | D:11     | Slain by a skeletal warrior

Illustrated notes

Levels and vault maps discovered:
D:1:      dpeg_arrival_rooms_with_view, layout_loops_cross
D:2:      layout_rooms, lemuel_coloured_pillars_altar, uniq_jessica
D:3:      layout_rooms, tso_metal_star, kennysheep_slug_shrine,
          kennysheep_generic_room_7, uniq_ijyb
D:4:      layout_basic, kennysheep_vampire_church, zin_angel,
          minmay_tree_intersection
D:5:      layout_rooms, nicolae_qazlal_eye_of_the_storm,
          kennysheep_decorative_pillar, uniq_crazy_yiuf_cottage
D:6:      layout_layer_cave, overflow_temple_1_default, led_sif_pool,
          minmay_temple_entry_purple_smoke, uniq_eustachio
D:7:      layout_cave_pools, lemuel_crystal_altar, tgw_trog,
          hangedman_minor_gate_pass
D:8:      layout_basic, chequers_temple_overflow_statue_of_worship,
          enter_ossuary_5, grunt_decor_resistance, uniq_erica, uniq_harold
D:9:      layout_roguey [special_room_orc], lemuel_mausoleum_altar_yredelemnul,
          basic_altar, uniq_pikel, uniq_maggie
D:10:     layout_cave_pods, minmay_lair_entry_grove, evilmike_ruin_ashenzari
D:11:     layout_roguey, serial_rivers, chequers_serial_rivers_large_a,
          chequers_serial_rivers_micro_c, chequers_serial_rivers_small_3,
          chequers_serial_rivers_micro_b, uniq_grum, uniq_psyche
Temple:   corrupted_temple

Skill      XL: |  1  2  3  4  5  6  7  8  9 10 11 |
---------------+----------------------------------+-----
Axes           | 4 5 6 7 8 10 11 12 14 | 14.3
Fighting       | 4 5 6 7 8 9 10 | 10.4
Armour         | 3 4 5 9 10 11 | 11.7
Dodging        | 3 4 |  4.7
Maces & Flails | 4 |  4.3
Stealth        | 1 |  1.4
Shields        | 2 5 |  5.1
Polearms       | |  0.1

Action                   |  1- 3 |  4- 6 |  7- 9 | 10-12 || total
-------------------------+-------+-------+-------+-------++-------
Melee: Hand axe          |    90 |   123 |   231 |       ||   444
       Headbutt          |     9 |    19 |    71 |    57 ||   156
       War axe           |       |       |    85 |   201 ||   286
       Flail             |       |       |     5 |    66 ||    71
       Trident           |       |       |     1 |       ||     1
       Broad axe         |       |       |       |    59 ||    59
Invok: Berserk           |       |       |     3 |     2 ||     5
       Trog's Hand       |       |       |     1 |     1 ||     2
  Use: Scroll            |       |       |       |    15 ||    15
Armor: Animal skin       |     6 |       |       |       ||     6
       Chain mail        |    26 |    74 |   144 |   143 ||   387
Dodge: Dodged            |    58 |    59 |   126 |   119 ||   362
       Repelled          |       |       |     2 |     1 ||     3
Block: Kite shield       |       |       |       |   135 ||   135
